 Dungeon Crawl Stone Soup version 0.30-a0-1124-g6e8f0f562f (webtiles) character file.

Game seed: 16149857989847565472

129 Sabo the Chopper (level 4, 0/34 HPs)
             Began as a Demonspawn Gladiator on Apr 23, 2023.
             Slain by oldplebian's ghost (8 damage)
             ... on level 3 of the Dungeon.
             The game lasted 00:13:18 (2650 turns).

Sabo the Chopper (Demonspawn Gladiator)             Turns: 2650, Time: 00:13:18

Health: 0/34       AC:  7    Str: 16    XL:     4   Next: 88%
Magic:  4/4        EV:  6    Int:  9    God:
Gold:   158        SH: 11    Dex: 15    Spells: 3/3 levels left

rFire   + . .        a - +0 war axe
rCold   . . .        p - +0 tower shield
rNeg    . . .        m - +0 scale mail
rPois   .            c - +0 helmet
rElec   .            (no cloak)
rCorr   .            (no gloves)
SInv    .            (no boots)
Will    +....        (no amulet) Stlth
                     j - ring of willpower
HPRegen 0.25/turn    (no ring)
MPRegen 0.09/turn

%: no passive effects
@: no status effects
A: spiny 2, fire resistance 1
a: no special abilities


You were on level 3 of the Dungeon.
You visited 1 branch of the dungeon, and saw 3 of its levels.

You collected 186 gold pieces.
You spent 28 gold pieces at shops.

Inventory:

Hand Weapons
 a - a +0 war axe (weapon)
 h - a +0 sling
 i - a +1 falchion of flaming
Missiles
 d - 3 throwing nets (quivered)
 e - a javelin
 o - 3 poisoned darts
Armour
 c - a +0 helmet (worn)
 m - a +0 scale mail (worn)
 p - a +0 tower shield (worn)
Jewellery
 j - a ring of willpower (left hand)
Scrolls
 g - 3 scrolls of teleportation
 k - a scroll of poison
Potions
 f - a potion of flight {unknown}
 l - a potion of mutation
 n - a potion of brilliance {unknown}
 q - a potion of magic {unknown}


   Skills:
 + Level 2.6 Fighting
 + Level 3.8 Axes
 + Level 1.9 Throwing
 + Level 1.3 Armour
 + Level 3.3 Dodging
 + Level 0.3 Stealth


You had 3 spell levels left.
You didn't know any spells.
Your spell library contained the following spells:

 Spells                   Type           Power      Damage    Failure   Level
 Shock                    Conj/Air       0%         1d3       100%        1
 Slow                     Hex            0%         N/A       100%        1
 Confusing Touch          Hex            0%         N/A       100%        3
 Swiftness                Air            0%         N/A       100%        3
 Vampiric Draining        Necr           0%         2d6       100%        3
 Airstrike                Air            0%         2d(0-16)  100%        4


Dungeon Overview and Level Annotations

Branches:
Dungeon (3/15)

Altars:

Shops:
D:1 *

Annotations:
D:3 oldplebian's ghost, amateur HOCA


Innate Abilities, Weirdness & Mutations

You are mostly covered in sharp spines.
Your flesh is heat resistant. (rF+)


Message History

You block oldplebian's ghost's attack.
You barely miss oldplebian's ghost.
Oldplebian's ghost is lightly damaged.
Oldplebian's ghost hits you but does no damage.
Oldplebian's ghost hits you. Oldplebian's ghost burns you.
You hit oldplebian's ghost but do no damage.
Oldplebian's ghost is lightly damaged.
You block oldplebian's ghost's attack.
You hit oldplebian's ghost.
Oldplebian's ghost is lightly damaged.
Oldplebian's ghost says, "Try not to bleed too much."
You block oldplebian's ghost's attack. Oldplebian's ghost hits you.
* * * LOW HITPOINT WARNING * * *
Oldplebian's ghost burns you.
* * * LOW HITPOINT WARNING * * *
It was a potion of mutation.
You feel extremely strange.
You feel resistant to heat.
Oldplebian's ghost is struck by your spines.
Oldplebian's ghost hits you.
* * * LOW HITPOINT WARNING * * *
It was a potion of curing.
You feel better.
Oldplebian's ghost is struck by your spines.
Oldplebian's ghost hits you.
* * * LOW HITPOINT WARNING * * *
You barely miss oldplebian's ghost.
Oldplebian's ghost is moderately damaged.
Oldplebian's ghost hits you.
* * * LOW HITPOINT WARNING * * *
You block oldplebian's ghost's attack.
You hit oldplebian's ghost.
Oldplebian's ghost is moderately damaged.
You block oldplebian's ghost's attack.
Oldplebian's ghost completely misses you.
You hit oldplebian's ghost but do no damage.
Oldplebian's ghost is moderately damaged.
You block oldplebian's ghost's attack.
You hit oldplebian's ghost.
Oldplebian's ghost is moderately damaged.
Oldplebian's ghost hits you!
You die...

.# #†#.#...##⌠##...#.# #.# ##
#.#....##...##....# #.#
#.#...##.....##...# #.#
#.#...#⌠.?♣!.⌠#...# #.#
#######.#...##.....##...# #.#
........#....##...##....### #.#
##########....##.##.......#####.#
#.#...#W#...#...........
#......@............##.#
####........###....>...#.#
#.........### ##.........#
#.##..###.# #.#.....### #.##..#
#.# ####.#....## #.##..#
#.###.##.#.#.## #.##..#
#.##.....#.#.# #.##..#
#.##....##.#.# #.....#
#....#...#...#


You could see oldplebian's ghost.

Vanquished Creatures
  Natasha (D:2)
  A gnoll (D:1)
  4 worms (D:2)
  4 dart slugs
  5 bats
  6 endoplasms
  A giant cockroach (D:1)
  6 goblins
  6 hobgoblins
  10 jackals
  3 quokkas (D:2)
  4 ball pythons
  4 frilled lizards
  6 kobolds
  9 rats
70 creatures vanquished.

Notes
Turn   | Place    | Note
-------+----------+-------------------------------------------
     0 | D:1      | Sabo the Demonspawn Gladiator began the quest for the Orb.
     0 | D:1      | Reached XP level 1. HP: 16/16 MP: 1/1
   314 | D:1      | Found Wovyirgho's General Store.
   389 | D:1      | Gained mutation: You are partially covered in sharp spines.
                  | [demonic ancestry]
   389 | D:1      | Reached XP level 2. HP: 15/21 MP: 2/2
   698 | D:1      | Bought a scroll of identify for 28 gold pieces
  1040 | D:1      | Gained mutation: You are mostly covered in sharp spines.
                  | [demonic ancestry]
  1040 | D:1      | Reached XP level 3. HP: 25/27 MP: 3/3
  1516 | D:2      | Reached XP level 4. HP: 32/34 MP: 4/4
  1641 | D:2      | Noticed Natasha
  1646 | D:2      | Killed Natasha
  1697 | D:2      | Reached skill level 1 in Armour
  2400 | D:3      | Noticed oldplebian's ghost (amateur HOCA)
  2404 | D:3      | Found a runed translucent door.
  2645 | D:3      | Gained mutation: Your flesh is heat resistant. (rF+)
                  | [potion of mutation]
  2650 | D:3      | Slain by oldplebian's ghost

Illustrated notes

Levels and vault maps discovered:
D:1:      matt_arrival_refuge, layout_basic, serial_shops,
          nicolae_shop_real_fake_doors, minmay_three_crescents
D:2:      layout_basic, serial_glass, glass_columns_a, glass_columns_a,
          minmay_misc_feat_roman, minmay_tromino_i4, uniq_natasha
D:3:      layout_loops_ring, hellmonk_ghost_happy_afterlife,
          nrook_mini_backslash

Skill      XL: |  1  2  3  4 |
---------------+-------------+-----
Axes           | 3 |  3.8
Dodging        | 3 |  3.3
Armour         | 1 |  1.3
Fighting       | |  2.6
Throwing       | |  1.9
Stealth        | |  0.3

Action                     |  1- 3 |  4- 6 || total
---------------------------+-------+-------++-------
  Melee: War axe           |    81 |    45 ||   126
         Punch             |     1 |     1 ||     2
    Use: Scroll            |     1 |     3 ||     4
         Potion            |       |     2 ||     2
 Armour: Leather armour    |    10 |       ||    10
         Scale mail        |     9 |    12 ||    21
  Dodge: Dodged            |    50 |     8 ||    58
  Block: Tower shield      |       |    25 ||    25

Table legend: (Time is in decaauts)
 A = Elapsed time spent in this place.
 B = Non-inter-level travel time spent in this place.
 C = Inter-level travel time spent in this place.
 D = Time resting spent in this place.
 E = Time spent auto-exploring this place.
 F = Levels seen in this place.
 G = Mean time per level.
                   A        B        C        D        E       F      G
               +--------+--------+--------+--------+--------+-----+--------+
         Total |   2704 |   2704 |      0 |    202 |      0 |   3 |  901.3 |
       Dungeon |   2704 |   2704 |      0 |    202 |      0 |   3 |  901.3 |
               +--------+--------+--------+--------+--------+-----+--------+

Top non-repeatable levels by time:
     D:1: 1348 daAuts
     D:3: 748 daAuts
     D:2: 607 daAuts
